 Dungeon Crawl Stone Soup version 0.31.0-10-gcf4a605ca0 (webtiles) character file.

Game seed: 5135782345854549678

329 PaiMei the Digger (level 6, 0/36 HPs)
             Began as a Gargoyle Earth Elementalist on Jan 25, 2024.
             Slain by an orc
             ... wielding a +0 trident
              (4 damage)
             ... on level 4 of the Dungeon.
             The game lasted 00:05:24 (3478 turns).

PaiMei the Digger (Gargoyle Earth Elementalist)     Turns: 3478, Time: 00:05:25

Health: 0/36       AC: 13    Str: 12    XL:     6   Next: 50%
Magic:  5/11       EV: 12    Int: 17    God:
Gold:   140        SH:  0    Dex: 10    Spells: 10/11 levels left

rFire   . . .        c - +1 whip (freeze)
rCold   . . .        (no shield)
rNeg    + . .        a - +0 robe
rPois   ∞            t - +1 helmet
rElec   +            (no cloak)
rCorr   .            l - +0 pair of gloves
SInv    .            (no boots)
Will    .....        (no amulet)
Stlth   ++           n - +4 ring of protection
HPRegen 0.26/turn    (no ring)
MPRegen 0.12/turn

%: no passive effects
@: no status effects
A: sickness immunity, AC +4, negative energy resistance 1, electricity
resistance, torment resistance 1, petrification resistance
a: no special abilities


You were on level 4 of the Dungeon.
You visited 1 branch of the dungeon, and saw 4 of its levels.

You collected 140 gold pieces.

Inventory:

Hand Weapons
 c - a +1 whip of freezing (weapon)
Missiles
 d - 48 stones
 h - 12 poisoned darts
Armour
 a - a +0 robe (worn)
 l - a +0 pair of gloves (worn)
 t - a +1 helmet (worn)
Jewellery
 n - a +4 ring of protection (left hand)
Talismans
 o - a beast talisman
Scrolls
 g - a scroll of enchant weapon {unknown}
 i - a scroll of blinking {unknown}
 j - a scroll of enchant armour {unknown}
 k - a scroll of fog {unknown}
 p - a scroll of teleportation {unknown}
 q - 3 scrolls of identify {unknown}
 s - a scroll of noise {unknown}
 w - a scroll of immolation {unknown}
Potions
 b - a potion of magic
 e - a potion of invisibility {unknown}
 f - a potion of attraction {unknown}
 m - a potion of mutation {unknown}
 r - 3 potions of curing {unknown}
 u - a potion of lignification {unknown}
 v - a potion of degeneration {unknown}


   Skills:
 + Level 2.8 Fighting
 + Level 3.0 Dodging
 - Level 2.6 Stealth
 + Level 3.3 Spellcasting
 - Level 1.7 Conjurations
 + Level 5.1 Earth Magic


You had 10 spell levels left.
You knew the following spells:

 Your Spells              Type           Power      Damage    Failure   Level
a - Sandblast             Erth           40%        2d10      1%          1

Your spell library contained the following spells:

 Spells                   Type           Power      Damage    Failure   Level
 Passwall                 Erth           20%        N/A       6%          3
 Stone Arrow              Conj/Erth      28%        3d8       12%         3
 Ensorcelled Hibernation  Hex/Ice        4%         N/A       26%         2
 Brom's Barrelling Bould  Conj/Erth      14%        2d4       38%         4
 Fugue of the Fallen      Necr           2%         N/A       45%         3
 Petrify                  Alch/Erth      11%        N/A       50%         4
 Anguish                  Hex/Necr       1%         N/A       86%         4


Dungeon Overview and Level Annotations

Branches:
Dungeon (4/15)
 Temple: D:4-7

Altars:
Nemelex Xobeh
Qazlal

Shops:
D:2 (?!


Innate Abilities, Weirdness & Mutations

You are immune to sickness and miasma.
Your stone body is resilient. (AC +4)
You are immune to poison.
You resist negative energy. (rN+)
You are resistant to electric shocks. (rElec)
You are resistant to unholy torment.
You are immune to petrification.


Message History

You barely resist. You hit the orc priest. You freeze the orc priest.
You punch the orc priest, but do no damage.
The orc priest is severely wounded.
The orc hits you but does no damage. The orc priest closely misses you.
You hit the orc priest. You freeze the orc priest.
The orc priest is almost dead.
The orc closely misses you.
The orc priest hits you with a +0 flail.
You hit the orc priest but do no damage.
The orc priest is almost dead.
The orc barely misses you.
The orc priest hits you but does no damage.
You closely miss the orc priest.
The orc priest is almost dead.
The orc hits you but does no damage. The orc priest barely misses you.
You hit the orc priest but do no damage.
The orc priest is almost dead.
The orc hits you but does no damage.
The orc priest hits you but does no damage.
You barely miss the orc priest.
The orc priest is almost dead.
The orc hits you from afar with a +0 trident.
* * * LOW HITPOINT WARNING * * *
The orc priest invokes the aid of Beogh against you.
Pain shoots through your body!
* * * LOW HITPOINT WARNING * * *
You barely miss the orc priest.
The orc priest is almost dead.
The orc hits you but does no damage.
The orc priest looks braver for a moment.
Casting: Sandblast (safe; 1% risk of failure)
Confirm with . or Enter, or press ? or * to list all spells.
Aiming: Sandblast (safe; 1% risk of failure)
Press: ? - help, Shift-Dir - straight line, f/p - orc priest
Aim: an orc priest, wielding a +0 flail and wearing a +0 ring mail (almost dead, 85% to hit)
The blast of sand hits the orc priest.
The orc priest is almost dead.
The orc hits you from afar with a +0 trident.
You die...

#.# #o# #.# #.# #####
#.# #...# . #.#
#...##########.. #.#
#...#...........
#o###...#...........
#.o@'...'...........
#####..†##'##.......
#...##.##.......
########...##.##.......
#.............##.......
#.##############.......
#.#.)...# #.......
#.#.###+########.......
#.#..................


You could see an orc priest and an orc.

Vanquished Creatures
  An ogre (D:4)
  An orc priest (D:4)
  2 bombardier beetles (D:3)
  A sleepcap (D:4)
  3 gnolls (D:2)
  2 adders
  A ribbon worm (D:3)
  4 dart slugs
  2 orcs
  6 endoplasms
  4 giant cockroaches
  3 goblins
  10 hobgoblins
  6 jackals
  3 quokkas
  3 ball pythons
  4 bats
  5 frilled lizards
  7 kobolds
  A rat (D:1)
69 creatures vanquished.

Notes
Turn   | Place    | Note
-------+----------+-------------------------------------------
     0 | D:1      | PaiMei the Gargoyle Earth Elementalist began the quest for
                  | the Orb.
     0 | D:1      | Reached XP level 1. HP: 10/10 MP: 3/3
   163 | D:1      | Reached XP level 2. HP: 15/15 MP: 5/5
   780 | D:2      | Found Lidwou's Magic Scroll Emporium.
   782 | D:2      | Reached skill level 4 in Earth Magic
   782 | D:2      | Reached XP level 3. HP: 12/19 MP: 4/6
  1400 | D:2      | Reached XP level 4. HP: 22/24 MP: 7/7
  1415 | D:2      | Found Eduinlal's Weapon Shop.
  1667 | D:2      | Found Gatepol's Distillery.
  1752 | D:2      | Reached skill level 1 in Fighting
  2244 | D:3      | Reached XP level 5. HP: 28/29 MP: 9/9
  2521 | D:3      | Found a sparkling altar of Nemelex Xobeh.
  2877 | D:4      | Noticed an ogre
  2896 | D:4      | Killed an ogre
  2897 | D:4      | Reached skill level 5 in Earth Magic
  2897 | D:4      | Reached XP level 6. HP: 36/36 MP: 5/10
  3404 | D:4      | Found a stormy altar of Qazlal.
  3478 | D:4      | Slain by an orc

Illustrated notes

Levels and vault maps discovered:
D:1:      dpeg_arrival_simpleton_b, layout_basic
D:2:      layout_loops_ring, serial_shops, nicolae_shop_tiny_waterfront, shop,
          shop
D:3:      layout_rooms, nemelex_altar_shiori
D:4:      gammafunk_wand_slinger, layout_basic, mainiacjoe_overflow_boulevard,
          kennysheep_mini, nicolae_overflow_hidden_temple

Skill      XL: |  1  2  3  4  5  6 |
---------------+-------------------+-----
Earth Magic    | 4 5 |  5.1
Dodging        | 2 3 |  3.0
Fighting       | 1 2 |  2.8
Spellcasting   | 3 |  3.3
Stealth        | |  2.6
Conjurations   | |  1.7

Action                     |  1- 3 |  4- 6 || total
---------------------------+-------+-------++-------
  Melee: Whip              |    67 |   149 ||   216
         Punch             |       |     3 ||     3
   Cast: Sandblast         |     5 |    25 ||    30
   Stab: Sleeping          |     1 |     2 ||     3
 Armour: Robe              |    33 |   131 ||   164
  Dodge: Dodged            |    49 |   121 ||   170
